 Dungeon Crawl Stone Soup version 0.31-a0-1074-g0b22e4e0f1 (webtiles) character file.

Game seed: 1211713937860313391

474 nucleargodhead the Slasher (level 7, -2/38 HPs)
             Began as a Vine Stalker Fighter on Nov 26, 2023.
             Slain by Pikel the harpy (10 damage)
             ... on level 4 of the Dungeon.
             The game lasted 00:07:10 (2813 turns).

nucleargodhead the Slasher (Vine Stalker Fighter)   Turns: 2813, Time: 00:07:11

Health: -2/38      AC:  8    Str: 25    XL:     7   Next: 10%
Magic:  0/8        EV:  9    Int:  8    God:
Gold:   145        SH:  5    Dex: 15    Spells: 6/6 levels left

rFire   . . .        a - +0 long sword
rCold   . . .        c - +0 buckler
rNeg    . . .        b - +0 scale mail
rPois   .            q - +1 helmet
rElec   .            (no cloak)
rCorr   .            (no gloves)
SInv    .            (no boots)
Will    .....        (no amulet) Stlth
                     g - +6 ring of strength
HPRegen 1.06/turn    (no ring)
MPRegen 0.11/turn

%: guardian spirit
@: no status effects
A: fangs 2, regeneration 1, magic shield, antimagic bite, no potion heal 2
a: no special abilities


You were on level 4 of the Dungeon.
You visited 1 branch of the dungeon, and saw 4 of its levels.

You collected 145 gold pieces.

Inventory:

Hand Weapons
 a - a +0 long sword (weapon)
Armour
 b - a +0 scale mail (worn)
 c - a +0 buckler (worn)
 q - a +1 helmet (worn)
Jewellery
 g - a +6 ring of strength (left hand)
Wands
 d - a wand of iceblast (13)
 p - a wand of polymorph (9)
Scrolls
 e - 6 scrolls of teleportation {unknown}
 h - a scroll of fear {unknown}
 i - a scroll of fog {unknown}
 k - a scroll of acquirement {unknown}
 n - 2 scrolls of identify {unknown}
Potions
 f - a potion of berserk rage {unknown}
 j - 2 potions of mutation {unknown}
 l - 3 potions of enlightenment {unknown}
 m - 5 potions of curing {unknown}
 o - a potion of brilliance {unknown}
 r - a potion of haste {unknown}
 s - a potion of invisibility {unknown}


   Skills:
 + Level 4.8 Fighting
 + Level 5.4 Long Blades
 - Level 2.4 Armour
 - Level 2.6 Shields


You had 6 spell levels left.
You didn't know any spells.
Your spell library contained the following spells:

 Spells                   Type           Power      Damage    Failure   Level
 Shock                    Conj/Air       0%         1d3       77%         1
 Sting                    Tmut/Pois      0%         1d3       77%         1
 Poisonous Vapours        Pois/Air       0%         N/A       88%         2
 Inner Flame              Hex/Fire       0%         N/A       98%         3
 Swiftness                Air            0%         N/A       98%         3
 Airstrike                Air            0%         2d(0-16)  100%        4
 Flame Wave               Conj/Fire      0%         2d4       100%        4
 Olgreb's Toxic Radiance  Pois           0%         N/A       100%        4
 Sticky Flame             Conj/Fire      0%         2d3       100%        4


Dungeon Overview and Level Annotations

Branches:
Dungeon (4/15)
 Temple: D:4-7

Altars:

Annotations:
D:4 Pikel


Innate Abilities, Weirdness & Mutations

You have extremely sharp teeth.
Your natural rate of healing is unusually fast.
When hurt, damage is shared between your health and your magic reserves.
Your bite disrupts and absorbs the magic of your enemies.
Potions cannot restore your health.


Message History

The iguana bites you. You block the iguana's attack.
You barely miss the iguana. You bite the iguana. You drain its power.
You feel invigorated.
The iguana is almost dead.
The iguana bites you but does no damage.
You slash the iguana!
You kill the iguana!
No target in view!
HP restored.
Found a stone staircase leading down.
There is a stone staircase leading down here.
m - 5 cyan potions (gained 1) Key pressed, stopping explore.
There is a stone staircase leading down here.
Found a leather armour.
Pikel, Merchant of Souls comes into view.
He is wielding a +2 whip of flaming.
Pikel shouts!
Aiming: Polymorph
Press: ? - help, Shift-Dir - straight line, f - Pikel
Aim: Pikel, wielding a +2 whip of flaming and wearing a +0 robe (will become a worm, a harpy, or an ogre, chance to affect: 49%) Pikel evaporates and reforms as a harpy!
You hit Pikel. You bite Pikel. You drain its power.
Pikel is lightly wounded.
Pikel claws you! x2; Pikel claws you. You block Pikel's attack.
You slash Pikel! You bite Pikel, but do no damage.
Pikel is moderately wounded.
Pikel barely misses you. Pikel claws you. Pikel claws you.
You block Pikel's attack.
Pikel says, "Don't tell anyone, but I think Ereshkigal likes me."
Pikel barely misses you. Pikel claws you.
You barely miss Pikel.
Pikel is moderately wounded.
Pikel claws you. Pikel claws you but does no damage.
Pikel claws you but does no damage. Pikel claws you.
Pikel waves its whip at you. Pikel attacks as it pursues you! Pikel claws you!
* * * LOW HITPOINT WARNING * * *
Pikel claws you!
You die...
Pikel says, "Another soul for the market."

#........#. #..#.#.#...
##.........# #...#.#.#.##
###### ##.#.......##
#.....# #........#.##
......)## #.^........##
...?....#####..>.....##..
.......H@............#..#
......#########........##
..... ..[............#
.... ..#####........#.#.
... ... .. #........#.#.
.. .. #.##.......)#.#. .
. ##...##....÷.#.#.
........#.#÷.#.#.
#.............#.


You could see Pikel the harpy.

Vanquished Creatures
  4 lemures (D:3)
  The ghost of RandomusNamus the Changeling, an amateur OpSh (D:3)
  An orc priest (D:3)
  A hound (D:4)
  A sleepcap (D:3)
  An orc wizard (D:3)
  Ijyb (D:3)
  Terence (D:2)
  2 iguanas (D:4)
  Robin (D:3)
  8 adders
  A worm (D:3)
  8 orcs
  9 ball pythons
  8 endoplasms
  5 giant cockroaches
  16 goblins
  9 hobgoblins
  3 kobolds
  3 quokkas
  7 bats
  4 frilled lizards
  3 rats
98 creatures vanquished.

Notes
Turn   | Place    | Note
-------+----------+-------------------------------------------
     0 | D:1      | nucleargodhead the Vine Stalker Fighter began the quest for
                  | the Orb.
     0 | D:1      | Reached XP level 1. HP: 11/11 MP: 2/2
     2 | D:1      | Noticed an ogre
     2 | D:1      | Noticed an elf
     4 | D:1      | Noticed an armataur
     4 | D:1      | Noticed a human
     6 | D:1      | Noticed a troll
     6 | D:1      | Noticed a tengu
     8 | D:1      | Noticed a merfolk
    10 | D:1      | Noticed a ghoul
    12 | D:1      | Noticed a draconian
    14 | D:1      | Noticed a demonspawn
    14 | D:1      | Noticed an octopode
    16 | D:1      | Noticed a meteoran
    16 | D:1      | Noticed a gargoyle
    18 | D:1      | Noticed a felid
    18 | D:1      | Noticed a vampire
    20 | D:1      | Noticed a spriggan
    20 | D:1      | Noticed a demigod
    22 | D:1      | Noticed a vine stalker
    22 | D:1      | Noticed a minotaur
    24 | D:1      | Noticed an ogre
    24 | D:1      | Noticed a naga
    26 | D:1      | Noticed a gargoyle
    26 | D:1      | Noticed a minotaur
    47 | D:1      | Reached skill level 2 in Long Blades
    80 | D:1      | Found a faded altar of an unknown god.
    91 | D:1      | Reached XP level 2. HP: 16/16 MP: 1/3
   479 | D:1      | Reached XP level 3. HP: 20/20 MP: 2/4
   955 | D:2      | Reached skill level 3 in Long Blades
  1420 | D:2      | Reached XP level 4. HP: 24/24 MP: 5/5
  1485 | D:3      | Noticed Ijyb
  1489 | D:3      | Found a runed translucent door.
  1489 | D:3      | Noticed RandomusNamus's ghost (amateur OpSh)
  1495 | D:3      | Killed Ijyb
  1745 | D:3      | Reached skill level 4 in Long Blades
  1745 | D:3      | Reached XP level 5. HP: 29/29 MP: 6/6
  1854 | D:3      | Noticed Robin
  1879 | D:3      | Killed Robin
  2034 | D:3      | Noticed Terence
  2102 | D:2      | Killed Terence
  2131 | D:3      | Reached XP level 6. HP: 26/33 MP: 7/7
  2411 | D:3      | Reached skill level 5 in Long Blades
  2455 | D:3      | Killed RandomusNamus's ghost
  2640 | D:4      | Reached XP level 7. HP: 35/38 MP: 6/8
  2806 | D:4      | Noticed Pikel
  2807 | D:4      | Pikel changed into Pikel the harpy
  2807 | D:4      | Noticed Pikel
  2813 | D:4      | Slain by Pikel the harpy

Illustrated notes

Levels and vault maps discovered:
D:1:      kb_arrival_jail, layout_loops_ring,
          hellmonk_ecumenical_altar_lost_god, minmay_misc_feat_five,
          kennysheep_doodads, minmay_hedge_maze
D:2:      layout_basic
D:3:      layout_loops_ring, gammafunk_ghost_grave, uniq_robin, uniq_ijyb,
          uniq_terence
D:4:      layout_rooms, serial_co_window_serial, co_window_paths_a,
          co_window_corner_a, co_window_corner_a, co_window_paths_a,
          co_window_corner_a, co_window_paths_a, co_window_paths_a,
          co_window_paths_b, co_window_paths_a, co_window_unsneaky_path_d,
          co_window_2corner, co_window_broadway_c, co_window_4corner_a,
          glass_columns_b, glass_columns_a, glass_columns_c, glass_columns_b,
          glass_columns_a, pf_guarded_unrand_woodcutter, uniq_pikel

Skill      XL: |  1  2  3  4  5  6 |
---------------+-------------------+-----
Long Blades    | 2 3 4 5 |  5.4
Fighting       | 3 4 |  4.8
Armour         | |  2.4
Shields        | |  2.6

Action                     |  1- 3 |  4- 6 |  7- 9 || total
---------------------------+-------+-------+-------++-------
  Melee: Long sword        |    85 |   188 |    40 ||   313
         Bite              |    25 |    44 |    10 ||    79
  Evoke: Wand              |       |       |     1 ||     1
    Use: Potion            |       |     1 |       ||     1
         Scroll            |       |     1 |       ||     1
 Armour: Scale mail        |    47 |   148 |    39 ||   234
  Dodge: Dodged            |    37 |   111 |    23 ||   171
  Block: Buckler           |     8 |    71 |    13 ||    92

Table legend: (Time is in decaauts)
 A = Elapsed time spent in this place.
 B = Non-inter-level travel time spent in this place.
 C = Inter-level travel time spent in this place.
 D = Time resting spent in this place.
 E = Time spent auto-exploring this place.
 F = Levels seen in this place.
 G = Mean time per level.
                   A        B        C        D        E       F      G
               +--------+--------+--------+--------+--------+-----+--------+
         Total |   2889 |   2838 |     51 |     70 |   1981 |   4 |  722.2 |
       Dungeon |   2889 |   2838 |     51 |     70 |   1981 |   4 |  722.2 |
               +--------+--------+--------+--------+--------+-----+--------+

Top non-repeatable levels by time:
     D:3: 1009 daAuts
     D:1: 883 daAuts
     D:2: 677 daAuts
     D:4: 319 daAuts
